 Dungeon Crawl Stone Soup version 0.25.1-9-gc5326a611f (webtiles) character file.

Game seed: 516166114036961036

53 H0rd4k the Magician (level 3, -2/19 HPs)
             Began as a Deep Elf Wizard on Jan 18, 2021.
             Slain by a worker ant (7 damage)
             ... on level 4 of the Dungeon.
             The game lasted 00:01:56 (1222 turns).

H0rd4k the Magician (Deep Elf Wizard)               Turns: 1222, Time: 00:01:56

Health: -2/19      AC:  2    Str:  4    XL:     3   Next: 64%
Magic:  1/12       EV: 13    Int: 23    God:
Gold:   63         SH:  0    Dex: 13    Spells: 4/13 levels left

rFire    . . .     SeeInvis .   (no weapon)
rCold    . . .     Gourm    .   (no shield)
rNeg     . . .     Faith    .   a - +0 robe
rPois    .         Spirit   .   b - +0 hat
rElec    .         Reflect  .   (no cloak)
rCorr    .         Harm     .   (no gloves)
MR       .....                  (no boots)
Stlth    ++........             (no amulet)
HPRegen  0.06/turn              (no ring)
MPRegen  0.13/turn              (no ring)

@: lethally poisoned (-2 -> -17), very slightly contaminated
A: no striking features
a: no special abilities


You were on level 4 of the Dungeon.
You were not hungry.

You visited 1 branch of the dungeon, and saw 3 of its levels.

You collected 63 gold pieces.

Inventory:

Missiles
 l - 2 curare-tipped darts (quivered)
Armour
 a - a +0 robe (worn)
 b - a +0 hat (worn)
Scrolls
 e - 2 scrolls of amnesia {unknown}
 f - 6 scrolls of noise {unknown}
 h - a scroll of blinking {unknown}
 j - a scroll of identify {unknown}
 k - a scroll of fog {unknown}
Potions
 g - 2 potions of might {unknown}
 i - 2 potions of berserk rage {unknown}
Comestibles
 c - 3 chunks of flesh
 d - a ration


   Skills:
 + Level 3.0 Dodging
 + Level 3.2 Stealth
 + Level 5.5 Spellcasting
 + Level 1.7 Conjurations
   Level 1.1 Summonings
 + Level 1.1 Translocations


You had 4 spell levels left.
You knew the following spells:

 Your Spells              Type           Power        Failure   Level  Hunger
a - Magic Dart            Conj           ##..         4%          1    None
b - Blink                 Tloc           N/A          9%          2    None
c - Conjure Flame         Conj/Fire      ##......     19%         3    ##.....
d - Mephitic Cloud        Conj/Pois/Air  #.......     22%         3    ##.....

Your spell library contained the following spells:

 Spells                   Type           Power        Failure   Level  Hunger
 Call Imp                 Summ           ##......     9%          2    None
 Slow                     Hex            #.......     14%         2    None


Dungeon Overview and Level Annotations

Branches:
Dungeon (2/15)

Altars:

Shops:
D:4 %


Message History

Confirm with . or Enter, or press ? or * to list all spells.
Aiming: Magic Dart (safe; 4% risk of failure)
Press: ? - help, Shift-Dir - straight line, f/p - worker ant
Aim: a worker ant (moderately wounded)
The magic dart hits the worker ant but does no damage.
The worker ant is moderately wounded.
You feel sick. The worker ant closely misses you.
Casting: Magic Dart (safe; 4% risk of failure)
Confirm with . or Enter, or press ? or * to list all spells.
You don't have enough magic to cast that spell.
Unknown command.
Sorry, you're not good enough to have a special ability.
Casting: Magic Dart (safe; 4% risk of failure)
Confirm with . or Enter, or press ? or * to list all spells.
You don't have enough magic to cast that spell.
You feel sick.
Found 18 gold pieces.
* * * LOW HITPOINT WARNING * * *
You feel sick. The worker ant bites you!
You die...

.%......#.#######
.................
....###.#.######
... #.#.# . #.#.#
... #.#.####...
....###+#........
##........#######
.$.....@a.'......
..........######
....∩..........#
...............#
.....####......#
..... #......#
.### #......#
########


You could see a worker ant.

Vanquished Creatures
  2 adders (D:2)
  A dart slug (D:1)
  2 leopard geckos
  A ball python (D:1)
  5 bats
  A giant cockroach (D:1)
  5 goblins
  2 hobgoblins
  2 jackals (D:1)
  A kobold (D:1)
  A quokka (D:2)
  3 frilled lizards
  4 rats
30 creatures vanquished.

Vanquished Creatures (others)
  A rat (D:1)
1 creature vanquished.

Grand Total: 31 creatures vanquished

Notes
Turn   | Place    | Note
-------+----------+-------------------------------------------
     0 | D:1      | H0rd4k the Deep Elf Wizard began the quest for the Orb.
     0 | D:1      | Reached XP level 1. HP: 10/10 MP: 7/7
   151 | D:1      | Reached XP level 2. HP: 15/15 MP: 3/9
   503 | D:1      | Reached skill level 5 in Spellcasting
   918 | D:2      | Reached XP level 3. HP: 19/19 MP: 8/11
  1148 | D:2      | Learned a level 2 spell: Blink
  1152 | D:2      | Learned a level 3 spell: Conjure Flame
  1156 | D:2      | Learned a level 3 spell: Mephitic Cloud
  1167 | D:2      | You fall into a shaft and drop 2 floors!
  1201 | D:4      | Found Wavvah's Food Boutique.
  1222 | D:4      | Slain by a worker ant

Illustrated notes

Levels and vault maps discovered:
D:1:      beargit_arrival_greenhouse, layout_rooms, lemuel_old_faithful
D:2:      layout_rooms, chequers_ecumenical_altar_island
D:4:      layout_basic, kiku_gazebo_garden_becter, serial_shops, shop,
          chequers_jeans

Skill      XL: |  1  2  3 |
---------------+----------+-----
Stealth        | 3 |  3.2
Spellcasting   | 5 |  5.5
Dodging        | 3 |  3.0
Conjurations   | |  1.7
Summonings     | |  1.1
Translocations | |  1.1

Action                   || total
-------------------------++-------
Melee: Unarmed           ||     2
 Cast: Magic Dart        ||    87
  Eat: Chunk             ||     1
Armor: Robe              ||     4
Dodge: Dodged            ||    23
